 Dungeon Crawl Stone Soup version 0.31.0-9-g3a7656b989 (webtiles) character file.

Game seed: 2185249410793120812

1257 EnegeticOcto the Magician (level 8, -13/62 HPs)
             Began as a Mummy Fire Elementalist on Feb 3, 2024.
             Was an Initiate of Sif Muna.
             Mangled by a centaur
             ... wielding a +0 halberd
              (16 damage)
             ... on level 7 of the Dungeon.
             The game lasted 00:15:53 (2501 turns).

EnegeticOcto the Magician (Mummy Fire Elementalist) Turns: 2501, Time: 00:15:54

Health: -13/62     AC:  3    Str: 11    XL:     8   Next: 27%
Magic:  8/18       EV: 12    Int: 17    God:    Sif Muna [......]
Gold:   437        SH:  0    Dex: 12    Spells: 10/20 levels left

rFire   x . .        s - +0 glaive
rCold   + . .        (shield currently unavailable)
rNeg    + + +        a - +0 robe
rPois   ∞            (no helmet)
rElec   .            n - +0 cloak
rCorr   .            (no gloves)
SInv    .            (no boots)
Will    +....        i - amulet of the acrobat
Stlth   ++           (no ring)
HPRegen 0.30/turn    (no ring)
MPRegen 0.16/turn

%: acrobat, faith
@: no status effects
A: cold resistance 1, negative energy resistance 3, torment resistance 2, heat
vulnerability 1, in touch with death 1, no potions, faith
a: Renounce Religion


You were on level 7 of the Dungeon.
You worshipped Sif Muna.
Sif Muna was noncommittal.
You visited 2 branches of the dungeon, and saw 8 of its levels.

You collected 437 gold pieces.

Inventory:

Hand Weapons
 b - a +0 flail
   (You found it on level 1 of the Dungeon)
 d - a +1 short sword of venom
   (You found it on level 1 of the Dungeon)
 s - a +0 glaive (weapon)
   (You found it on level 6 of the Dungeon)
Missiles
 c - 3 boomerangs
 e - 12 poisoned darts
Armour
 a - a +0 robe (worn)
 n - a +0 cloak (worn)
   (You found it on level 4 of the Dungeon)
Jewellery
 i - an amulet of the acrobat (around neck)
   (You found it on level 4 of the Dungeon)
 o - a ring of flight
   (You found it on level 6 of the Dungeon)
 q - a ring of resist corrosion
   (You found it on level 6 of the Dungeon)
Wands
 f - a wand of acid (5) {@v1}
   (You found it on level 5 of the Dungeon)
 k - a wand of roots (5) {@v2}
   (You found it on level 7 of the Dungeon)
 l - a wand of charming (4)
   (You found it on level 5 of the Dungeon)
Scrolls
 g - 2 scrolls of blinking {@r4}
 h - 2 scrolls of fog {!r}
 j - a scroll of immolation
 m - a scroll of teleportation {@r3 !r}
 p - a scroll of enchant armour
 r - a scroll of identify {@r1}


   Skills:
 - Level 5.0 Fighting
 - Level 1.8 Dodging
 - Level 1.9 Stealth
 + Level 6.8 Spellcasting
 - Level 2.0 Conjurations
 + Level 5.5 Fire Magic


You had 10 spell levels left.
You knew the following spells:

 Your Spells              Type           Power      Damage    Failure   Level
a - Scorch                Fire           48%        2d7       1%          2
b - Foxfire               Conj/Fire      72%        2x1d7     2%          1
c - Inner Flame           Hex/Fire       15%        N/A       11%         3
d - Flame Wave            Conj/Fire      18%        2d7       24%         4

Your spell library contained the following spells:

 Spells                   Type           Power      Damage    Failure   Level
 Volatile Blastmotes      Fire/Tloc      30%        2d12      11%         3
 Ensorcelled Hibernation  Hex/Ice        10%        N/A       19%         2
 Hailstorm                Conj/Ice       9%         3d6       24%         3
 Fugue of the Fallen      Necr           8%         N/A       34%         3
 Summon Ice Beast         Ice/Summ       5%         N/A       34%         3
 Anguish                  Hex/Necr       4%         N/A       75%         4
 Sculpt Simulacrum        Ice/Alch       2%         N/A       100%        6


Dungeon Overview and Level Annotations

Branches:
Dungeon (7/15) Zot: 26711  Temple (1/1) D:7 Zot: 5943

Altars:
Ashenzari
Cheibriados
Dithmenos
Fedhas
Hepliaklqana
Kikubaaqudgha
Nemelex Xobeh
Qazlal
Ru
Sif Muna
Vehumet
Wu Jian
Xom

Shops:
D:5 !

Portals:
Bailey: D:7


Innate Abilities, Weirdness & Mutations

You are immune to poison.
Your flesh is cold resistant. (rC+)
You are immune to negative energy. (rN+++)
You are immune to unholy pain and torment.
You are vulnerable to heat. (rF-)
You are in touch with the powers of death.
You do not drink.
You have a special connection with the divine. (Faith)


Message History

Aiming: Fastroot
Press: ? - help, Shift-Dir - straight line, f - Duvessa
Aim: Duvessa, wielding a +0 short sword and wearing a +0 leather armour The roots erupt in riotous growth!
Roots grab Duvessa.
Roots grab Dowan.
The grasping roots constrict Duvessa.
The grasping roots constrict Dowan!
You hear a shout!
You hear an angry hiss.
Dowan struggles to escape constriction.
Duvessa struggles to escape constriction.
Aiming: Corrosive Bolt
Press: ? - help, Shift-Dir - straight line, p - Duvessa The bolt of acid hits Duvessa!
The acid corrodes Duvessa!
Duvessa is moderately wounded.
The bolt of acid hits Dowan!!
The acid corrodes Dowan!
You kill Dowan!
Sif Muna accepts your kill.
Duvessa weeps, and shakes her weapon.
Duvessa goes berserk!
The grasping roots constrict Duvessa.
The roots release their grip on Duvessa.
A bullfrog comes into view.
Duvessa closely misses you.
Aiming: Fastroot
Press: ? - help, Shift-Dir - straight line The roots erupt in riotous growth!
Roots grab Duvessa.
The bullfrog croaks.
The grasping roots constrict Duvessa.
Duvessa hits you but does no damage.
Aiming: Corrosive Bolt
Press: ? - help, Shift-Dir - straight line The bolt of acid hits Duvessa!
Duvessa seems to be corroded for longer.
Duvessa is almost dead.
The bolt of acid hits the bullfrog!
The acid corrodes the bullfrog!
The bullfrog is severely wounded.
The grasping roots constrict Duvessa.
The roots release their grip on Duvessa.
Duvessa hits you with a +0 short sword. Duvessa hits you with a +0 short sword!
Casting: Scorch (safe; 1% risk of failure)
Press: ? - help, Q - select action, (/) - cycle Dir - look around, f - activate Flames lash Duvessa.
You kill Duvessa!
Sif Muna accepts your kill. The bullfrog hits you.
Casting: Scorch (safe; 1% risk of failure)
Press: ? - help, Q - select action, (/) - cycle Dir - look around, f - activate Flames lash the bullfrog.
You kill the bullfrog!
Sif Muna accepts your kill.
Training target 5.0 for Fighting reached!
Your Fighting skill increases to level 5!
Things that are here:
a +0 short sword; a +0 leather armour
Found a ring mail.
Things that are here:
a +0 dagger; a +0 robe; the elf corpse of Dowan Your +1 short sword of venom stops dripping with poison.
s - a +0 glaive (weapon)
You swing at nothing.
You swing at nothing.
You swing at nothing.
You swing at nothing.
You swing at nothing.
You swing at nothing.
You swing at nothing.
A water moccasin comes into view.
You swing at nothing.
A centaur comes into view. It is wielding a +0 halberd.
You swing at nothing.
You swing at nothing.
You swing at nothing.
You swing at nothing.
You swing at nothing.
The centaur shouts!
The centaur unwields a +0 halberd.
The centaur wields a +0 orcbow.
The centaur shoots an arrow.
The arrow hits you!
The centaur shoots an arrow.
The arrow completely misses you.
The centaur shoots an arrow.
The arrow closely misses you.
The centaur shoots an arrow.
The arrow completely misses you.
Found two halberds.
The centaur shoots an arrow.
The arrow hits you!
Found a halberd and a spear.
Found a flagged portal.
The centaur unwields a +0 orcbow.
The centaur wields a +0 halberd.
The centaur hits you with a +0 halberd. The centaur kicks you.
The centaur completely misses you. The centaur misses you.
Casting: Scorch (safe; 1% risk of failure)
Press: ? - help, Q - select action, (/) - cycle Dir - look around, f - activate Flames lash the centaur.
The centaur is moderately wounded.
The centaur's fire resistance burns away.
The centaur hits you with a +0 halberd!
* * * LOW HITPOINT WARNING * * *
The centaur kicks you.
* * * LOW HITPOINT WARNING * * *
Casting: Scorch (safe; 1% risk of failure)
Press: ? - help, Q - select action, (/) - cycle Dir - look around, f - activate Flames lash the centaur.
The centaur is burned terribly!
The centaur is almost dead.
The centaur hits you with a +0 halberd!
* * * LOW HITPOINT WARNING * * *
The centaur barely misses you. The centaur hits you with a +0 halberd!
You die...

*,,,,,,,,,,,,****##,#.
*,,#.***#.#*,,,,,,.,#.
*,,#.* #.#*******#.#.
*,,#.* #.# #.#. *,,#.*
#.# #.>. *,,#.* #.#
###. #,,#.* ##.## #.
#..#.###...##########.
#.[.c@...).).....>.<..
#..#.###...###########
**#,...* ##.##
*,.....* #.#***
**#..)...* #..,,*
**,#.)∩)..* ####,*
**,*...)...* *,*
**,**#......* *,* *,**
**,,**,* *,*


You could see a centaur (combustible).

Vanquished Creatures
  Duvessa (D:7)
  An ogre (D:5)
  A centaur (D:7)
  2 phantoms (D:5)
  A kobold brigand (D:7)
  2 bullfrogs (D:7)
  2 scorpions
  Dowan (D:7)
  A jelly (D:6)
  2 bombardier beetles (D:5)
  2 orc priests
  A sleepcap (D:5)
  4 iguanas (D:4)
  Natasha (D:2)
  An orc wizard (D:6)
  A gnoll (D:4)
  4 adders
  A white imp (D:6)
  2 ufetubi (D:6)
  4 dart slugs
  A ribbon worm (D:3)
  12 orcs
  6 ball pythons
  8 endoplasms
  4 giant cockroaches
  4 goblins
  5 hobgoblins
  8 jackals (D:1)
  3 quokkas
  4 bats (D:1)
  4 frilled lizards
  5 kobolds
  A rat (D:1)
100 creatures vanquished.

Vanquished Creatures (collateral kills)
  2 foxfires
2 creatures vanquished.

Vanquished Creatures (others)
  206 foxfires
206 creatures vanquished.

Grand Total: 308 creatures vanquished

Notes
Turn   | Place    | Note
-------+----------+-------------------------------------------
     0 | D:1      | EnegeticOcto the Mummy Fire Elementalist began the quest
                  | for the Orb.
     0 | D:1      | Reached XP level 1. HP: 13/13 MP: 4/4
   256 | D:1      | Reached skill level 1 in Conjurations
   256 | D:1      | Reached XP level 2. HP: 9/19 MP: 0/5
   317 | D:1      | Reached skill level 3 in Spellcasting
   414 | D:1      | Learned a level 2 spell: Scorch
   472 | D:1      | Reached XP level 3. HP: 19/24 MP: 5/7
   477 | D:1      | Found a faded altar of an unknown god.
   687 | D:2      | Reached skill level 3 in Fire Magic
   892 | D:3      | Reached XP level 4. HP: 30/30 MP: 5/9
   919 | D:2      | Noticed Natasha
   928 | D:2      | Killed Natasha
   929 | D:2      | Reached skill level 4 in Spellcasting
  1112 | D:4      | Reached skill level 4 in Fire Magic
  1112 | D:4      | Reached XP level 5. HP: 29/35 MP: 0/11
  1316 | D:5      | Entered Level 5 of the Dungeon
  1316 | D:5      | Noticed an ogre
  1323 | D:4      | Reached skill level 1 in Fighting
  1370 | D:4      | Reached skill level 2 in Conjurations
  1608 | D:5      | Learned a level 3 spell: Inner Flame
  1613 | D:5      | Learned a level 4 spell: Flame Wave
  1667 | D:5      | Reached skill level 2 in Fighting
  1673 | D:4      | Reached XP level 6. HP: 44/44 MP: 2/12
  1801 | D:5      | Found Luteguaz's Distillery.
  1972 | D:5      | Reached skill level 3 in Fighting
  1972 | D:5      | Reached skill level 5 in Spellcasting
  1997 | D:5      | Reached XP level 7. HP: 44/52 MP: 0/14
  2207 | D:7      | Found a staircase to the Ecumenical Temple.
  2213 | Temple   | Entered the Ecumenical Temple
  2241 | Temple   | Became a worshipper of Sif Muna the Loreminder
  2302 | D:7      | Reached skill level 4 in Fighting
  2302 | D:7      | Reached skill level 5 in Fire Magic
  2326 | D:7      | Reached skill level 6 in Spellcasting
  2434 | D:6      | Reached XP level 8. HP: 61/61 MP: 13/17
  2468 | D:7      | Noticed Duvessa
  2469 | D:7      | Noticed Dowan
  2474 | D:7      | Killed Dowan
  2477 | D:7      | Killed Duvessa
  2479 | D:7      | Reached skill level 5 in Fighting
  2499 | D:7      | Found a flagged portal.
  2501 | D:7      | HP: 3/62 [centaur/+0 halberd (13)]
  2501 | D:7      | Mangled by a centaur

Illustrated notes

Levels and vault maps discovered:
D:1:      dpeg_arrival_circle_labyrinth_c, layout_basic,
          shapermc_ecumenical_altar_pompeii
D:2:      minmay_razor_zed, layout_loops_ring, kennysheep_generic_room_12,
          uniq_jessica, uniq_natasha
D:3:      layout_basic, mainiacjoe_overflow_small_starburst, item_on_display_a
D:4:      cheibrodos_old_hovel, layout_basic
D:5:      layout_loops_ring, tso_metal_star, serial_shops, shop_coins,
          portal_sewer_entry_b, kennysheep_generic_room_8
D:6:      layout_loops_ring
D:7:      layout_loops_ring, minmay_temple_entry_tees, enter_bailey_2,
          kennysheep_generic_room_11, uniq_prince_ribbit1, uniq_menkaure,
          uniq_duvessa
Temple:   nicolae_temple_superstar

Skill      XL: |  1  2  3  4  5  6  7  8 |
---------------+-------------------------+-----
Conjurations   | 1 2 |  2.0
Spellcasting   | 3 4 5 6 |  6.8
Fire Magic     | 3 4 5 |  5.5
Fighting       | 2 3 4 5 |  5.0
Dodging        | |  1.8
Stealth        | |  1.9

Action                     |  1- 3 |  4- 6 |  7- 9 || total
---------------------------+-------+-------+-------++-------
  Melee: Flail             |    10 |       |       ||    10
         Short sword       |    27 |    54 |    18 ||    99
         Punch             |       |       |     1 ||     1
  Throw: Dart              |       |       |    10 ||    10
   Cast: Foxfire           |    43 |    51 |    25 ||   119
         Scorch            |       |    24 |     9 ||    33
  Evoke: Wand              |       |       |     4 ||     4
    Use: Scroll            |     1 |     4 |     2 ||     7
   Stab: Sleeping          |     1 |     1 |       ||     2
 Armour: Robe              |    27 |    33 |    28 ||    88
  Dodge: Dodged            |    33 |    39 |    34 ||   106

Table legend:
 A = Kills in this place as a percentage of kills in the entire game.
 B = Kills by you in this place as a percentage of kills by you in the entire game.
 C = Kills by friends in this place as a percentage of kills by friends in the entire game.
 D = Other kills in this place as a percentage of other kills in the entire game.
 E = Experience gained in this place as a percentage of experience gained in the entire game.
 F = Experience gained in this place divided by the number of levels of this place that you have seen.
                   A       B       C       D       E      F
               +-------+-------+-------+-------+-------+----------------------
         Total | 100.0 | 100.0 |   N/A |   N/A | 100.0 | 224.6
       Dungeon | 100.0 | 100.0 |   N/A |   N/A | 100.0 | 256.7
               +-------+-------+-------+-------+-------+----------------------

Table legend: (Time is in decaauts)
 A = Elapsed time spent in this place.
 B = Non-inter-level travel time spent in this place.
 C = Inter-level travel time spent in this place.
 D = Time resting spent in this place.
 E = Time spent auto-exploring this place.
 F = Levels seen in this place.
 G = Mean time per level.
                   A        B        C        D        E       F      G
               +--------+--------+--------+--------+--------+-----+--------+
         Total |   2545 |   2435 |    110 |     29 |    223 |   8 |  318.1 |
       Dungeon |   2488 |   2432 |     56 |     29 |    223 |   7 |  355.4 |
        Temple |     56 |      2 |     54 |      0 |      0 |   1 |   56.0 |
               +--------+--------+--------+--------+--------+-----+--------+

Top non-repeatable levels by time:
     D:1: 708 daAuts
     D:4: 536 daAuts
     D:5: 402 daAuts
     D:2: 270 daAuts
     D:6: 222 daAuts
     D:7: 195 daAuts
     D:3: 152 daAuts
  Temple: 56 daAuts
